 Dungeon Crawl Stone Soup version 0.19.5 (webtiles) character file.

135 miragecloak the Cudgeler (level 4, -2/38 HPs)
             Began as a Draconian Abyssal Knight on Apr 21, 2017.
             Was a Believer of Lugonu.
             Slain by a river rat (10 damage)
             ... on level 2 of the Dungeon.
             The game lasted 00:04:23 (2934 turns).

miragecloak the Cudgeler (Draconian Abyssal Knight) Turns: 2934, Time: 00:04:24

Health: -2/38      AC:  6    Str: 14    XL:     4   Next: 97%
Magic:  6/6        EV: 12    Int: 13    God:    Lugonu [**....]
Gold:   109        SH:  0    Dex: 11    Spells: 0 memorised, 3 levels left

rFire  . . .     SeeInvis .     a - +1 mace
rCold  . . .     Gourm    +     (armour unavailable)
rNeg   . . .     Faith    .     (no shield)
rPois  .         Spirit   .     (helmet restricted)
rElec  .         Reflect  .     l - +0 cloak
rCorr  .         Harm     .     (no gloves)
MR     .....                    (no boots)
Stlth  ++........               e - amulet of the gourmand
                                (no ring)
                                d - ring of stealth

@: no status effects
A: unfitting armour, cold-blooded, AC +5
a: Depart the Abyss, Bend Space, Renounce Religion


You were on level 2 of the Dungeon.
You worshipped Lugonu.
Lugonu was pleased with you.
You were very full.

You visited 1 branch of the dungeon, and saw 3 of its levels.
You visited the Abyss 1 time.

You collected 109 gold pieces.

Inventory:

Hand Weapons
 a - a +1 mace (weapon)
Armour
 l - a +0 cloak (worn)
Jewellery
 d - a ring of stealth (left hand)
 e - an amulet of the gourmand (around neck)
 t - an uncursed amulet of regeneration {unknown}
Scrolls
 g - a scroll of random uselessness {unknown}
 k - a scroll of identify {unknown}
 m - a scroll of fog {unknown}
 o - a scroll of amnesia {unknown}
 s - 3 scrolls of recharging {unknown}
 u - a scroll of magic mapping {unknown}
 v - a scroll of blinking {unknown}
 w - a scroll of enchant armour {unknown}
Potions
 c - 2 potions of curing
 h - a potion of resistance {unknown}
 i - a potion of mutation {unknown}
 j - a potion of might {unknown}
 p - a potion of heal wounds {unknown}
 q - 2 potions of ambrosia {unknown}
Books
 r - a book of Misfortune

   Spells                             Type                      Level
   a - Confusing Touch                Hexes                        1
   b - Confuse                        Hexes                        3
   c - Gell's Gravitas                Hexes/Translocation          3
   d - Petrify                        Transmutation/Earth          4
   e - Metabolic Englaciation         Hexes/Ice                    5
   f - Yara's Violent Unravelling     Hexes/Transmutation          5
Comestibles
 b - 2 bread rations
 f - a meat ration


   Skills:
 - Level 3.2 Fighting
 * Level 4.3 Maces & Flails
 - Level 2.1 Dodging
 + Level 3.6 Invocations


You had 3 spell levels left.
You didn't know any spells.

Dungeon Overview and Level Annotations

Branches:
Dungeon (3/15)

Altars:
Cheibriados


Innate Abilities, Weirdness & Mutations

Your plain brown scales are hard. (AC +5)
You cannot fit into any form of body armour.
You are cold-blooded and may be slowed by cold attacks.


Message History

You are too injured to fight recklessly!
The river rat bites you but does no damage.
The river rat closely misses you. The river rat bites you.
* * * LOW HITPOINT WARNING * * *
You hear the drain falling apart.
The river rat closely misses you.
The walls and floor vibrate strangely for a moment.
There is a stone staircase leading up here.
You climb upwards.
There is a stone staircase leading down here.
You are too injured to fight recklessly!
You hit the river rat but do no damage. The river rat barely misses you.
The river rat bites you.
* * * LOW HITPOINT WARNING * * *
You are too injured to fight recklessly!
You hit the river rat.
The river rat is severely wounded.
The river rat bites you!
You die...

.#
#####.........###......##
.# #.........# #.......#
.# #..)......# ##.####.#
.# #.........# #.# #.# .#
#.........# #.# #.# .#
#.........# #.# #.# .#
#.........# #.# #.#
.##########.........####.#
#.#
....(..........r@........#
#.#
.#############.###########
#.# ...# #.# #.# .#.# #.#
#.# .#.# #.########### #.#
.#.# #...........# #.#
.#.# ###########.####.#
##.# #......# ...#
########


You could see a river rat.

Vanquished Creatures
  Ijyb (D:2)
  A howler monkey skeleton (D:3)
  2 adders
  2 worms (D:2)
  A dart slug (D:1)
  3 leopard geckos (D:3)
  An orc (D:3)
  2 ball pythons (D:3)
  9 bats
  2 giant cockroaches
  7 hobgoblins
  7 jackals
  A quokka (D:1)
  6 frilled lizards
  8 goblins
  9 kobolds
  6 rats
68 creatures vanquished.

Notes
Turn   | Place    | Note
-------+----------+-------------------------------------------
     0 | Abyss:1  | miragecloak the Draconian Abyssal Knight began the quest for the Orb.
     0 | Abyss:1  | Reached XP level 1. HP: 19/19 MP: 2/2
     0 | D:1      | Escaped the Abyss
    72 | D:1      | Reached * piety under Lugonu
   364 | D:1      | Reached XP level 2. HP: 20/26 MP: 3/3
   933 | D:2      | Reached XP level 3. HP: 5/31 MP: 5/5
   934 | D:2      | Reached skill level 3 in Maces & Flails
  1934 | D:2      | Noticed Ijyb
  2075 | D:2      | Killed Ijyb
  2075 | D:2      | Reached XP level 4. HP: 38/38 MP: 6/6
  2266 | D:3      | Reached ** piety under Lugonu
  2475 | D:3      | Found a snail-covered altar of Cheibriados.
  2497 | D:3      | Reached skill level 4 in Maces & Flails
  2934 | D:2      | Slain by a river rat

Skill      XL: |  1  2  3  4 |
---------------+-------------+-----
Invocations    | 3 |  3.6
Maces & Flails | 3 4 |  4.3
Fighting       | |  3.2
Dodging        | |  2.1

Action                   |  1- 3 |  4- 6 || total
-------------------------+-------+-------++-------
Melee: Mace              |   145 |    96 ||   241
       Tailslap          |    12 |    13 ||    25
Invok: Depart the Abyss  |     1 |       ||     1
  Use: Potion            |     1 |       ||     1
 Stab: Sleeping          |     4 |     3 ||     7
  Eat: Chunk             |    14 |     3 ||    17
Armor: Skin              |   105 |    32 ||   137
Dodge: Dodged            |   180 |    61 ||   241
